 Dungeon Crawl Stone Soup version 0.28.0-43-g3370ac3207 (webtiles) character file.

Game seed: 7447664455462861476

9775 boopmooplesden the Cleaver (level 11, -1/99 HPs)
             Began as a Minotaur Berserker on Mar 21, 2022.
             Was an Elder of Trog.
             Slain by a 14-headed hydra (6 damage)
             ... on level 11 of the Dungeon.
             The game lasted 00:14:21 (11166 turns).

boopmooplesden the Cleaver (Minotaur Berserker)    Turns: 11166, Time: 00:14:22

Health: -1/99      AC: 18    Str: 22    XL:     11   Next: 27%
Magic:  10/10      EV:  9    Int:  6    God:    Trog [****..]
Gold:   363        SH:  0    Dex: 18    Spells: 10/10 levels left

rFire   . . .      SeeInvis .   I - +1 glaive (protect)
rCold   . . .      Faith    .   (shield currently unavailable)
rNeg    . . .      Spirit   .   p - +0 plate armour
rPois   .          Reflect  .   (helmet restricted)
rElec   .          Harm     .   (no cloak)
rCorr   .          Rampage  .   D - +0 pair of gloves
Will    +....                   h - +0 pair of boots
Stlth   ..........              F - amulet of the acrobat
HPRegen 0.26/turn               d - ring of willpower
MPRegen 0.12/turn               y - +6 ring of dexterity

@: about to teleport, on berserk cooldown, slowed, very slow
A: horns 2, retaliatory headbutt
a: Renounce Religion, Berserk, Trog's Hand, Brothers in Arms


You were on level 11 of the Dungeon.
You worshipped Trog.
Trog was greatly pleased with you.
You visited 1 branch of the dungeon, and saw 11 of its levels.

You collected 643 gold pieces.
You spent 280 gold pieces at shops.

Inventory:

Hand Weapons
 a - a +1 vampiric war axe
 b - a +0 hunting sling
 A - a +0 hand axe
 I - a +1 glaive of protection (weapon)
Missiles
 i - 87 sling bullets
 n - 3 throwing nets (quivered)
Armour
 h - a +0 pair of boots (worn)
 p - a +0 plate armour (worn)
 D - a +0 pair of gloves (worn)
Jewellery
 d - a ring of willpower (left hand)
 w - a ring of magical power
 y - a +6 ring of dexterity (right hand)
 z - a ring of protection from cold
 C - an amulet of guardian spirit
 F - an amulet of the acrobat (around neck)
Wands
 q - a wand of polymorph (10)
 t - a wand of digging (3)
 B - a wand of mindburst (18)
Scrolls
 f - 2 scrolls of vulnerability
 l - 4 scrolls of teleportation
 x - 3 scrolls of magic mapping
 E - 2 scrolls of identify
 G - 2 scrolls of immolation
 H - a scroll of silence
Potions
 c - 5 potions of invisibility
 e - a potion of haste {unknown}
 g - a potion of curing {unknown}
 j - 5 potions of might
 k - a potion of mutation {unknown}
 m - 2 potions of resistance
 o - 2 potions of heal wounds {unknown}
 r - a potion of cancellation {unknown}
 s - 2 potions of flight {unknown}
 u - 2 potions of attraction {unknown}
 v - 2 potions of brilliance


   Skills:
 + Level 9.9 Fighting
 + Level 14.2 Axes
 + Level 3.8 Slings
 + Level 11.7 Armour
 + Level 4.0 Dodging
 + Level 1.9 Stealth


You had 10 spell levels left.
You didn't know any spells.
Your spell library was empty.

Dungeon Overview and Level Annotations

Branches:
Dungeon (11/15)            Temple (0/1) D:5            Lair (0/6) D:11
    Orc: D:9-12

Altars:
Dithmenos
Fedhas
Gozag
Hepliaklqana
Kikubaaqudgha
Makhleb
Nemelex Xobeh
Sif Muna
Trog
Vehumet
Wu Jian
Xom
Yredelemnul
Zin
The Shining One

Shops:
D:7 [   D:8 =   D:9 **


Innate Abilities, Weirdness & Mutations

You have a pair of horns on your head.
You reflexively headbutt those who attack you in melee.


Message History

The 14-headed hydra bites you but does no damage.
The 14-headed hydra barely misses you. x2; The 14-headed hydra bites you!
* * * LOW HITPOINT WARNING * * *
The 14-headed hydra bites you but does no damage. x2
The 14-headed hydra bites you.
* * * LOW HITPOINT WARNING * * *
The 14-headed hydra bites you.
* * * LOW HITPOINT WARNING * * *
The 14-headed hydra bites you.
* * * LOW HITPOINT WARNING * * *
You feel a strong urge to attack something.
You are no longer berserk.
You are exhausted.
You feel yourself slow down. The 14-headed hydra bites you.
* * * LOW HITPOINT WARNING * * *
The 14-headed hydra bites you but does no damage.
The 14-headed hydra misses you.
The 14-headed hydra completely misses you.
The 14-headed hydra misses you.
The 14-headed hydra completely misses you.
The 14-headed hydra closely misses you.
The 14-headed hydra completely misses you.
The 14-headed hydra closely misses you. The 14-headed hydra misses you.
The 14-headed hydra bites you but does no damage. x2
The 14-headed hydra completely misses you.
The 14-headed hydra closely misses you.
As you read the scroll of teleportation, it crumbles to dust.
You feel strangely unstable. The 14-headed hydra bites you!
* * * LOW HITPOINT WARNING * * *
The 14-headed hydra bites you but does no damage. x2
The 14-headed hydra bites you.
* * * LOW HITPOINT WARNING * * *
The 14-headed hydra bites you but does no damage.
The 14-headed hydra bites you.
* * * LOW HITPOINT WARNING * * *
The 14-headed hydra barely misses you.
The 14-headed hydra bites you but does no damage.
The 14-headed hydra bites you.
You die...

#..........
#+####..........
.............#
.............#
.............#
.............#
.............#
########....D+
#....@###
#............
#.....#######
#.....# #.....#
####.##+##
#.[..# ####.#
#.#


You could see a 14-headed hydra.

Vanquished Creatures
  A two-headed ogre (D:8)
  2 trolls
  Prince Ribbit (D:9)
  A hornet (D:8)
  Sigmund (D:5)
  11 yaks
  A basilisk (D:10)
  Eustachio (D:4)
  Grum (D:10)
  2 steam dragons (D:9)
  An acid dragon (D:10)
  A water moccasin (D:7)
  An ice beast (D:8)
  3 sky beasts (D:9)
  An orc warrior (D:9)
  A black bear (D:4)
  5 centaurs
  4 ogres
  2 wolves (D:10)
  A phantom (D:5)
  9 bullfrogs
  A gnoll sergeant (D:8)
  2 water moccasin zombies
  A wyvern zombie (D:5)
  2 scorpions
  21 killer bees
  A bullfrog zombie (D:6)
  2 howler monkeys
  6 centaur zombies
  2 hounds (D:5)
  2 orc priests
  2 gnoll shamans
  3 jellies
  2 bullfrog skeletons
  3 iguanas
  5 orc wizards
  Ijyb (D:4)
  Terence (D:2)
  Natasha (thrice) (D:4)
  A killer bee zombie (D:8)
  A hound zombie (D:4)
  A hound skeleton (D:4)
  A howler monkey zombie (D:6)
  Robin (D:4)
  15 gnolls
  2 adders
  2 ufetubi
  An adder zombie (D:5)
  An adder skeleton (D:5)
  A worm (D:2)
  18 orcs
  7 ball pythons
  5 bats
  6 endoplasms
  2 giant cockroaches
  18 goblins
  9 hobgoblins
  3 jackals (D:1)
  4 kobolds
  2 quokkas
  10 frilled lizards
  5 rats
227 creatures vanquished.

Vanquished Creatures (others)
  8 plants (D:10)
8 creatures vanquished.

Grand Total: 235 creatures vanquished

Notes
Turn   | Place    | Note
-------+----------+-------------------------------------------
     0 | D:1      | boopmooplesden the Minotaur Berserker began the quest for
                  | the Orb.
     0 | D:1      | Reached XP level 1. HP: 19/19 MP: 0/0
   163 | D:1      | Reached XP level 2. HP: 21/27 MP: 1/1
   235 | D:1      | Reached skill level 4 in Axes
   574 | D:1      | Reached XP level 3. HP: 29/33 MP: 2/2
   884 | D:2      | Reached ** piety under Trog
   993 | D:2      | Found a faded altar of an unknown god.
  1637 | D:2      | Noticed Terence
  1646 | D:2      | Killed Terence
  1647 | D:2      | Reached skill level 5 in Axes
  1647 | D:2      | Reached XP level 4. HP: 30/41 MP: 3/3
  1834 | D:3      | Found a burning altar of Makhleb.
  2608 | D:4      | Found a shimmering altar of Xom.
  2611 | D:4      | Noticed Natasha
  2611 | D:4      | Noticed Ijyb
  2618 | D:4      | Killed Ijyb
  2619 | D:4      | Reached XP level 5. HP: 47/47 MP: 4/4
  2619 | D:4      | Killed Natasha
  2636 | D:4      | Found a shimmering blue altar of Sif Muna.
  2660 | D:4      | Reached skill level 1 in Slings
  2677 | D:4      | Found a blossoming altar of Fedhas.
  2759 | D:4      | Noticed a centaur
  2769 | D:4      | Killed a centaur
  2770 | D:4      | Reached XP level 6. HP: 27/55 MP: 5/5
  2846 | D:4      | Noticed Natasha
  2848 | D:4      | Noticed Robin
  2851 | D:4      | Killed Natasha
  2852 | D:4      | Reached skill level 5 in Fighting
  2852 | D:4      | Reached skill level 6 in Axes
  2864 | D:4      | Killed Robin
  2866 | D:4      | Reached *** piety under Trog
  3213 | D:4      | Noticed Natasha
  3218 | D:4      | Killed Natasha
  3219 | D:4      | Reached XP level 7. HP: 58/61 MP: 6/6
  3340 | D:4      | Noticed Eustachio
  3348 | D:4      | Killed Eustachio
  3349 | D:4      | Reached skill level 7 in Axes
  3718 | D:5      | Entered Level 5 of the Dungeon
  3754 | D:5      | Reached skill level 5 in Armour
  3958 | D:5      | Reached skill level 8 in Axes
  4265 | D:5      | Noticed Sigmund
  4269 | D:5      | Reached XP level 8. HP: 69/69 MP: 7/7
  4282 | D:5      | Killed Sigmund
  4323 | D:5      | Found an ancient bone altar of Kikubaaqudgha.
  4433 | D:5      | Found a sparkling altar of Nemelex Xobeh.
  4609 | D:5      | Reached skill level 9 in Axes
  4773 | D:5      | Found an ornate altar of the Wu Jian Council.
  4861 | D:5      | Found a staircase to the Ecumenical Temple.
  5253 | D:5      | Found a glowing golden altar of the Shining One.
  5651 | D:6      | Reached skill level 1 in Stealth
  6176 | D:6      | Reached skill level 10 in Axes
  6422 | D:7      | Reached XP level 9. HP: 74/78 MP: 8/8
  6484 | D:7      | Found Curarph's Armour Shop.
  6821 | D:7      | Found a shadowy altar of Dithmenos.
  6901 | D:7      | Found a hazy altar of Hepliaklqana.
  7089 | D:8      | Found Alarit's Jewellery Boutique.
  7120 | D:8      | Reached **** piety under Trog
  7141 | D:8      | Reached skill level 11 in Axes
  7766 | D:8      | Noticed a two-headed ogre
  7778 | D:8      | Killed a two-headed ogre
  7779 | D:8      | Reached skill level 12 in Axes
  7779 | D:8      | Reached XP level 10. HP: 67/88 MP: 9/9
  8387 | D:9      | Found Vubusm's Fire Supplies.
  8398 | D:9      | Reached skill level 10 in Armour
  8465 | D:9      | Found Taroll's General Store.
  8468 | D:9      | Bought a scroll of brand weapon for 280 gold pieces
  8726 | D:9      | HP: 4/90 [yak (10)]
  9090 | D:9      | Noticed Prince Ribbit
  9102 | D:9      | Killed Prince Ribbit
  9275 | D:9      | Found a bloodstained altar of Trog.
  9357 | D:9      | Reached skill level 13 in Axes
  9769 | D:9      | Reached XP level 11. HP: 97/97 MP: 10/10
 10121 | D:10     | Entered Level 10 of the Dungeon
 10257 | D:10     | Noticed Grum
 10269 | D:10     | Reached skill level 14 in Axes
 10273 | D:10     | Killed Grum
 10566 | D:10     | Reached ***** piety under Trog
 10649 | D:10     | Found a basalt altar of Yredelemnul.
 10650 | D:10     | Found a radiant altar of Vehumet.
 10773 | D:10     | Found a glowing silver altar of Zin.
 10774 | D:10     | Found an opulent altar of Gozag.
 11049 | D:11     | Noticed an eight-headed hydra
 11049 | D:11     | Found a staircase to the Lair.
 11166 | D:11     | Slain by a 14-headed hydra

Illustrated notes

Levels and vault maps discovered:
D:1:      heliophobic_arrival_ceremonial_halls, layout_rooms, bh_walls_and_bars
D:2:      wander_river, layout_loops_cross, hellmonk_ecumenical_altar_zigzags,
          uniq_terence
D:3:      layout_rooms, bloody_makhleb
D:4:      cheibrodos_helix_gallery, layout_basic, fedhas_ov_isle_minmay,
          mainiacjoe_overflow_large_starburst, kennysheep_generic_room_4,
          uniq_eustachio, uniq_natasha, uniq_robin, uniq_ijyb
D:5:      minmay_angry_zag, layout_basic, amcnicky_altar_gilded,
          nicolae_wu_jian_immortal_techniques, lemuel_tele_altar,
          nemelex_dance_club_becter, minmay_temple_entry_fiery, st_stairs_9,
          uniq_sigmund
D:6:      layout_loops_ring
D:7:      layout_rooms, nicolae_dithmenos_the_darkroom,
          mainiacjoe_overflow_brackets, serial_shops, shop
D:8:      layout_basic, nicolae_stop_n_shop_2, serial_bayou_crossing
D:9:      layout_basic, kennysheep_little_box, serial_shops, shop,
          nicolae_shop_fire_sale [nicolae_sub_dead_trees], hangedman_misty_isle,
          uniq_prince_ribbit1
D:10:     layout_cave_pools, grunt_temple_overflow_gold_and_silver,
          gammafunk_temple_overflow_statue, minmay_lizard_king, uniq_grum
D:11:     layout_irregular_city, lair_entry_dummy, minmay_orc_entry_guard_dogs

Skill      XL: |  1  2  3  4  5  6  7  8  9 10 11 |
---------------+----------------------------------+-----
Fighting       | 4 5 6 8 9 |  9.9
Axes           | 4 5 6 8 10 12 13 14 | 14.2
Armour         | 3 4 5 7 9 11 | 11.7
Dodging        | 3 4 |  4.0
Slings         | 1 2 3 |  3.8
Stealth        | 1 |  1.9

Action                   |  1- 3 |  4- 6 |  7- 9 | 10-12 || total
-------------------------+-------+-------+-------+-------++-------
Melee: Hand axe          |    61 |    98 |   291 |     2 ||   452
       Headbutt          |    12 |    19 |    66 |    53 ||   150
       Punch             |       |     1 |     6 |     4 ||    11
       War axe           |       |       |       |   206 ||   206
       Glaive            |       |       |       |     7 ||     7
 Fire: Hunting sling     |       |    11 |     3 |     4 ||    18
Invok: Berserk           |     1 |     3 |     7 |     6 ||    17
  Use: Scroll            |     3 |       |     7 |     7 ||    17
       Potion            |       |       |       |     1 ||     1
 Stab: Sleeping          |     1 |       |       |       ||     1
Armor: Animal skin       |     5 |       |       |       ||     5
       Scale mail        |       |     8 |       |       ||     8
       Plate armour      |       |    52 |   134 |   224 ||   410
Dodge: Dodged            |    33 |    41 |   103 |   143 ||   320
